3AAA
SALT LAKE CITY BUZZ @ VERMONT LAKE MONSTERS
09/04/2025
 
TOP OF THE 1ST
Salt Lake City Buzz batting - Pitching for Vermont Lake Monsters : RHP Tony Solíz
Pitching: RHP Tony Solíz
Batting: LHB Randy Schlosser 0-0: Called Strike
0-1: Bunted foul
0-2: Ball
1-2: Ball
2-2: Ground out 3-1 (Groundball, 34S)
Batting: LHB Valentín Salas 0-0: Foul Ball, location: 2F
0-1: Ball
1-1: SINGLE (Groundball, 34D)
Batting: SHB Felipe Cisneros 0-0: Ball
1-0: Called Strike
1-1: Ball
2-1: Ball
3-1: Foul Ball, location: 2F
3-2: Foul Ball, location: 2F
3-2: Base on Balls
Valentín Salas to second
Batting: SHB Wayne Saunders 0-0: Called Strike
0-1: Ball
1-1: Swinging Strike
1-2: Ball
2-2: Strikes out swinging
Batting: RHB Gustavo Berrios 0-0: Ball
1-0: Ball
2-0: Ball
3-0: Called Strike
3-1: Called Strike
3-2: Ground out 1-3 (Groundball, 13)
Top of the 1st over - 0 run(s), 1 hit(s), 0 error(s), 2 left on base; Salt Lake City 0 - Vermont 0
BOTTOM OF THE 1ST
Vermont Lake Monsters batting - Pitching for Salt Lake City Buzz : LHP Roberto De La Cruz
Pitching: LHP Roberto De La Cruz
Batting: RHB Rafael Pueblo 0-0: Called Strike
0-1: Called Strike
0-2: Strikes out swinging
Batting: RHB Bronson Nicholls 0-0: Ball
1-0: Ball
2-0: Ball
3-0: Base on Balls
Batting: RHB Ray John 0-0: Fly out, F4 (Popup, 34)
Batting: RHB Sean MacKnight 0-0: Ball
1-0: Ball
2-0: Foul Ball, location: 2F
2-1: Called Strike
2-2: Foul Ball, location: 2F
2-2: Strikes out swinging
Bottom of the 1st over - 0 run(s), 0 hit(s), 0 error(s), 1 left on base; Salt Lake City 0 - Vermont 0
TOP OF THE 2ND
Salt Lake City Buzz batting - Pitching for Vermont Lake Monsters : RHP Tony Solíz
Batting: RHB Justin MacPherson 0-0: Foul Ball, location: 2F
0-1: Ground out 6-3 (Groundball, 6)
Batting: RHB Andrew Hall 0-0: Ball
1-0: Foul Ball, location: 2F
1-1: Foul Ball, location: 2F
1-2: Foul Ball, location: 2F
1-2: Strikes out looking
Batting: RHB Roger Lakes 0-0: Foul Ball, location: 2F
0-1: Ground out U3 (Groundball, 34)
Top of the 2nd over - 0 run(s), 0 hit(s), 0 error(s), 0 left on base; Salt Lake City 0 - Vermont 0
BOTTOM OF THE 2ND
Vermont Lake Monsters batting - Pitching for Salt Lake City Buzz : LHP Roberto De La Cruz
Batting: LHB Tim Hill 0-0: Called Strike
0-1: Ground out 4-3 (Groundball, 34)
Batting: RHB Domenic Gallard 0-0: Fly out, F7 (Flyball, 7)
Batting: RHB Barkley B. Cooltimes 0-0: Called Strike
0-1: Swinging Strike
0-2: Strikes out looking
Bottom of the 2nd over - 0 run(s), 0 hit(s), 0 error(s), 0 left on base; Salt Lake City 0 - Vermont 0
TOP OF THE 3RD
Salt Lake City Buzz batting - Pitching for Vermont Lake Monsters : RHP Tony Solíz
Batting: RHB Carlos López 0-0: Ball
1-0: Ground out 6-3 (Groundball, 6M)
Batting: LHB Randy Schlosser 0-0: Ball
1-0: Ball
2-0: Fly out, F6 (Flyball, 6MD)
Batting: LHB Valentín Salas 0-0: Ball
1-0: Fly out, F7 (Flyball, 7)
Top of the 3rd over - 0 run(s), 0 hit(s), 0 error(s), 0 left on base; Salt Lake City 0 - Vermont 0
BOTTOM OF THE 3RD
Vermont Lake Monsters batting - Pitching for Salt Lake City Buzz : LHP Roberto De La Cruz
Batting: RHB Chuck Wolf 0-0: Ball
1-0: Ball
2-0: Ball
3-0: Base on Balls
Batting: RHB Fernando Castro 0-0: Called Strike
0-1: SINGLE (Groundball, 56D)
Chuck Wolf to second
Batting: RHB Rafael Pueblo 0-0: Ball
1-0: SINGLE (Line Drive, 6MD)
Chuck Wolf to third
Fernando Castro to second
Runner from 3rd tries for Home, SAFE, no throw
Batting: RHB Bronson Nicholls 0-0: Called Strike
Fernando Castro steals 3rd base
Rafael Pueblo to second
0-1: Ball
1-1: Foul Ball, location: 2F
1-2: DOUBLE (Line Drive, 7D)
Fernando Castro scores
Rafael Pueblo scores
Batting: RHB Ray John 0-0: Ball
1-0: Called Strike
1-1: Swinging Strike
1-2: Strikes out swinging
Batting: RHB Sean MacKnight 0-0: Ball
1-0: Ball
2-0: Foul Ball, location: 2F
2-1: Foul Ball, location: 2F
2-2: Ball
3-2: Strikes out looking
Batting: LHB Tim Hill 0-0: Hit by Pitch
Batting: RHB Domenic Gallard 0-0: Ball
1-0: Called Strike
1-1: SINGLE (Groundball, 4D)
Bronson Nicholls to third
Tim Hill to second
Runner from 3rd tries for Home, SAFE, no throw
Batting: RHB Barkley B. Cooltimes 0-0: Fly out, F8 (Flyball, 8RM)
Bottom of the 3rd over - 4 run(s), 4 hit(s), 0 error(s), 2 left on base; Salt Lake City 0 - Vermont 4
TOP OF THE 4TH
Salt Lake City Buzz batting - Pitching for Vermont Lake Monsters : RHP Tony Solíz
Batting: SHB Felipe Cisneros 0-0: Swinging Strike
0-1: Ball
1-1: Foul Ball, location: 2F
1-2: Fly out, F7 (Line Drive, 7)
Batting: SHB Wayne Saunders 0-0: Ball
1-0: Foul Ball, location: 2F
1-1: Called Strike
1-2: Strikes out swinging
Batting: RHB Gustavo Berrios 0-0: Ball
1-0: Ball
2-0: Ground out 3-1 (Groundball, 34S)
Top of the 4th over - 0 run(s), 0 hit(s), 0 error(s), 0 left on base; Salt Lake City 0 - Vermont 4
BOTTOM OF THE 4TH
Vermont Lake Monsters batting - Pitching for Salt Lake City Buzz : LHP Roberto De La Cruz
Batting: RHB Chuck Wolf 0-0: Ball
1-0: Swinging Strike
1-1: Ball
2-1: Ball
3-1: Foul Ball, location: 2F
3-2: SINGLE (Flyball, 8LS)
Batting: RHB Fernando Castro 0-0: Called Strike
0-1: Grounds into double play, 6-4-3 (Groundball, 6)
Batting: RHB Rafael Pueblo 0-0: Ball
1-0: Called Strike
1-1: Foul Ball, location: 2F
1-2: Foul Ball, location: 2F
1-2: Foul Ball, location: 2F
1-2: Foul Ball, location: 2F
1-2: Strikes out swinging
Bottom of the 4th over - 0 run(s), 1 hit(s), 0 error(s), 0 left on base; Salt Lake City 0 - Vermont 4
TOP OF THE 5TH
Salt Lake City Buzz batting - Pitching for Vermont Lake Monsters : RHP Tony Solíz
Batting: RHB Justin MacPherson 0-0: Ball
1-0: Ball
2-0: Called Strike
2-1: Ball
3-1: Base on Balls
Batting: RHB Andrew Hall 0-0: Called Strike
0-1: Swinging Strike
0-2: Strikes out swinging
Batting: RHB Roger Lakes 0-0: Foul Ball, location: 2F
0-1: Ball
1-1: Called Strike
1-2: Strikes out looking
Batting: RHB Carlos López 0-0: Ball
1-0: Ball
2-0: Called Strike
2-1: Swinging Strike
2-2: Strikes out swinging
Top of the 5th over - 0 run(s), 0 hit(s), 0 error(s), 1 left on base; Salt Lake City 0 - Vermont 4
BOTTOM OF THE 5TH
Vermont Lake Monsters batting - Pitching for Salt Lake City Buzz : LHP Roberto De La Cruz
Pitching: RHP Pedro Espinoza
Batting: RHB Bronson Nicholls 0-0: Ball
1-0: Ball
2-0: Ball
3-0: Base on Balls
Batting: RHB Ray John 0-0: Called Strike
0-1: Ball
1-1: Called Strike
1-2: Foul Ball, location: 2F
1-2: Ball
2-2: Ball
3-2: Foul Ball, location: 2F
3-2: Foul Ball, location: 2F
3-2: Foul Ball, location: 2F
3-2: SINGLE (Line Drive, 9S)
Bronson Nicholls to second
Runner from 2nd tries for 3rd, SAFE, no throw
Batting: RHB Sean MacKnight 0-0: Ball
1-0: Ball
2-0: Foul Ball, location: 2F
2-1: Swinging Strike
2-2: SINGLE (Flyball, 9S)
Bronson Nicholls scores
Ray John to second
Runner from 2nd tries for 3rd, SAFE, throw made to third
Batting: LHB Tim Hill 0-0: Ball
1-0: SINGLE (Groundball, 56D)
Ray John scores
Sean MacKnight to second
Batting: RHB Domenic Gallard 0-0: SINGLE (Flyball, 4MD)
Sean MacKnight to third
Tim Hill to second
Runner from 3rd tries for Home, SAFE, throw made home
Batting: RHB Barkley B. Cooltimes 0-0: Foul Ball, location: 2F
0-1: Foul Ball, location: 2F
0-2: Fly out, F7 (Line Drive, 7)
Lined into DP, 7-4 (Line Drive, 7)
Batting: RHB Chuck Wolf 0-0: Called Strike
0-1: Called Strike
0-2: Strikes out swinging
Bottom of the 5th over - 3 run(s), 4 hit(s), 0 error(s), 1 left on base; Salt Lake City 0 - Vermont 7
TOP OF THE 6TH
Salt Lake City Buzz batting - Pitching for Vermont Lake Monsters : RHP Tony Solíz
Batting: LHB Randy Schlosser 0-0: Called Strike
0-1: Foul Ball, location: 2F
0-2: Foul Ball, location: 2F
0-2: SINGLE (Flyball, 78S)
Batting: LHB Valentín Salas 0-0: Called Strike
Pickoff Throw to First - Error! E1
Randy Schlosser to second
0-1: Ball
1-1: Ball
2-1: Ground out 3-1 (Groundball, 34)
Randy Schlosser to third
Batting: SHB Felipe Cisneros 0-0: Ball
1-0: Called Strike
1-1: Ball
2-1: Ball
3-1: Foul Ball, location: 2F
3-2: Foul Ball, location: 2F
3-2: Foul Ball, location: 2F
3-2: Fly out, F4 (Popup, 4S)
Batting: SHB Wayne Saunders 0-0: Foul Ball, location: 2F
0-1: Foul Ball, location: 2F
0-2: Foul Ball, location: 2F
0-2: Fly out, F7 (Flyball, 7LSF)
Top of the 6th over - 0 run(s), 1 hit(s), 1 error(s), 1 left on base; Salt Lake City 0 - Vermont 7
BOTTOM OF THE 6TH
Vermont Lake Monsters batting - Pitching for Salt Lake City Buzz : RHP Pedro Espinoza
Batting: RHB Fernando Castro 0-0: Ball
1-0: Foul Ball, location: 2F
1-1: Ball
2-1: Foul Ball, location: 2F
2-2: SINGLE (Line Drive, 56D)
Batting: RHB Rafael Pueblo 0-0: Called Strike
0-1: Ball
1-1: Fly out, F8 (Line Drive, 78M)
Batting: RHB Bronson Nicholls 0-0: Ball
1-0: Fly out, F9 (Flyball, 89S)
Batting: RHB Ray John 0-0: Ball
1-0: Called Strike
Pickoff Throw to First - Out!
Bottom of the 6th over - 0 run(s), 1 hit(s), 0 error(s), 0 left on base; Salt Lake City 0 - Vermont 7
TOP OF THE 7TH
Salt Lake City Buzz batting - Pitching for Vermont Lake Monsters : RHP Tony Solíz
Batting: RHB Gustavo Berrios 0-0: Called Strike
0-1: Ball
1-1: Ball
2-1: Ball
3-1: Base on Balls
Batting: RHB Justin MacPherson 0-0: Ball
1-0: Fly out, F7 (Flyball, 7)
Batting: RHB Andrew Hall 0-0: Swinging Strike
0-1: Called Strike
0-2: Ball
1-2: SINGLE (Groundball, 56D)
Gustavo Berrios to second
Batting: RHB Roger Lakes 0-0: Ball
1-0: Ball
2-0: Ball
3-0: Called Strike
3-1: Called Strike
3-2: 3-RUN HOME RUN (Flyball, 7D), Distance : 387 ft
Batting: RHB Carlos López 0-0: Called Strike
0-1: Ball
1-1: Swinging Strike
1-2: Foul Ball, location: 2F
1-2: Ball
2-2: Ball
3-2: Foul Ball, location: 2F
3-2: Strikes out looking
Batting: LHB Randy Schlosser 0-0: Called Strike
0-1: Called Strike
0-2: Ball
1-2: Ball
2-2: Ground out 4-3 (Groundball, 4)
Top of the 7th over - 3 run(s), 2 hit(s), 0 error(s), 0 left on base; Salt Lake City 3 - Vermont 7
BOTTOM OF THE 7TH
Vermont Lake Monsters batting - Pitching for Salt Lake City Buzz : RHP Pedro Espinoza
Pitching: LHP Marc Burns
Batting: RHB Ray John 0-0: Ball
1-0: Fly out, F7 (Flyball, 78D)
Batting: RHB Sean MacKnight 0-0: Called Strike
0-1: Ball
1-1: Swinging Strike
1-2: Ball
2-2: Ball
3-2: Foul Ball, location: 2F
3-2: Base on Balls
Batting: LHB Tim Hill 0-0: Ball
1-0: Ball
2-0: Called Strike
2-1: Foul Ball, location: 2F
2-2: Fly out, F7 (Flyball, 7LSF)
Batting: RHB Domenic Gallard 0-0: Called Strike
0-1: Called Strike
0-2: Ball
1-2: Foul Ball, location: 2F
1-2: Foul Ball, location: 2F
1-2: Foul Ball, location: 2F
1-2: Ground out 3-1 (Groundball, 34S)
Bottom of the 7th over - 0 run(s), 0 hit(s), 0 error(s), 1 left on base; Salt Lake City 3 - Vermont 7
TOP OF THE 8TH
Salt Lake City Buzz batting - Pitching for Vermont Lake Monsters : RHP Tony Solíz
Pitching: RHP Brian Wheeler
Batting: LHB Valentín Salas 0-0: Fly out, F4 (Popup, 34)
Batting: SHB Felipe Cisneros 0-0: Ball
1-0: Ball
2-0: Called Strike
2-1: Foul Ball, location: 2F
2-2: DOUBLE (Flyball, 7LM)
Batting: SHB Wayne Saunders 0-0: Called Strike
0-1: Ball
1-1: Foul Ball, location: 2F
1-2: SINGLE (Flyball, 7S)
Felipe Cisneros to third
Runner from 3rd tries for Home, SAFE, throw made home
Pitching: RHP Roberto Cantú
Batting: RHB Gustavo Berrios 0-0: Ball
1-0: Ball
2-0: Ball
3-0: Base on Balls
Wayne Saunders to second
Batting: RHB Justin MacPherson 0-0: Ball
1-0: Ball
2-0: Foul Ball, location: 2F
2-1: Foul Ball, location: 2F
2-2: Strikes out swinging
Batting: RHB Andrew Hall 0-0: Called Strike
0-1: Ball
1-1: Ball
2-1: Fielders Choice at 2nd, 4-6 (Groundball, 4)
Top of the 8th over - 1 run(s), 2 hit(s), 0 error(s), 1 left on base; Salt Lake City 4 - Vermont 7
BOTTOM OF THE 8TH
Vermont Lake Monsters batting - Pitching for Salt Lake City Buzz : LHP Marc Burns
Batting: RHB Barkley B. Cooltimes 0-0: Called Strike
0-1: Foul Ball, location: 2F
0-2: Foul Ball, location: 2F
0-2: Ground out 4-3 (Groundball, 4)
Batting: RHB Chuck Wolf 0-0: Fly out, F9 (Flyball, 89S)
Batting: RHB Fernando Castro 0-0: Called Strike
0-1: Ball
1-1: Swinging Strike
1-2: Ball
2-2: Foul Ball, location: 2F
2-2: Ground out 6-3 (Groundball, 6S)
Bottom of the 8th over - 0 run(s), 0 hit(s), 0 error(s), 0 left on base; Salt Lake City 4 - Vermont 7
TOP OF THE 9TH
Salt Lake City Buzz batting - Pitching for Vermont Lake Monsters : RHP Roberto Cantú
Pitching: RHP Jim Unknown
Batting: RHB Roger Lakes 0-0: Swinging Strike
0-1: Ball
1-1: Ball
2-1: Ball
3-1: Base on Balls
Batting: RHB Carlos López 0-0: Ball
1-0: Fielders Choice at 2nd, 6-4 (Groundball, 6)
Batting: LHB Randy Schlosser 0-0: Ball
1-0: Called Strike
1-1: Ball
2-1: Called Strike
2-2: Ball
3-2: Ground out 4-3 (Groundball, 4MD)
Carlos López to second
Batting: LHB Valentín Salas 0-0: Ball
1-0: Called Strike
1-1: Swinging Strike
1-2: Ball
2-2: Foul Ball, location: 2F
2-2: Strikes out looking
Top of the 9th over - 0 run(s), 0 hit(s), 0 error(s), 1 left on base; Salt Lake City 4 - Vermont 7
Friday, December 30th, 2016 - OOTP Baseball 17.12 Build 75